 Dungeon Crawl Stone Soup version 0.29.1-1-gd02db69 (webtiles) character file.

Game seed: 8497865477530952795

4408 Kel the Cleaver (level 10, -4/56 HPs)
             Began as a Gargoyle Berserker on Nov 26, 2022.
             Was an Elder of Trog.
             Killed by divine providence
             ... invoked by an orc priest
              (14 damage)
             ... on level 9 of the Dungeon.
             The game lasted 00:13:46 (9290 turns).

Kel the Cleaver (Gargoyle Berserker)                Turns: 9290, Time: 00:13:46

Health: -4/56      AC: 21    Str: 24    XL:     10   Next: 36%
Magic:  0/10       EV: 12    Int:  9    God:    Trog [****..]
Gold:   419        SH:  0    Dex:  9    Spells: 9/9 levels left

rFire   + . .      SeeInvis .   M - +0 battleaxe
rCold   . . .      Faith    .   (shield currently unavailable)
rNeg    + + .      Spirit   +   H - +0 chain mail
rPois   ∞          Reflect  .   v - +0 helmet
rElec   +          Harm     .   m - +0 cloak
rCorr   .          Rampage  .   (no gloves)
Will    .....                   r - +2 pair of boots of the Vaults {rF+}
Stlth   ..........              f - amulet of guardian spirit
HPRegen 0.18/turn               w - +4 ring of evasion
MPRegen 0.12/turn               F - ring of positive energy

@: on berserk cooldown, slowed, very slow
A: sickness immunity, AC +7, negative energy resistance 1, electricity
resistance, torment resistance 1, petrification resistance
a: Renounce Religion, Berserk, Trog's Hand, Brothers in Arms


You were on level 9 of the Dungeon.
You worshipped Trog.
Trog was greatly pleased with you.
You visited 1 branch of the dungeon, and saw 9 of its levels.
You also visited: Ossuary.

You collected 419 gold pieces.

Inventory:

Hand Weapons
 M - a +0 battleaxe (weapon)
Armour
 m - a +0 cloak (worn)
 r - the +2 pair of boots of the Vaults (worn) {rF+}
   (You found it on level 3 of the Dungeon)

   rF:        It protects you from fire.
 v - a +0 helmet (worn)
 H - a +0 chain mail (worn)
Jewellery
 f - an amulet of guardian spirit (around neck)
 w - a +4 ring of evasion (left hand)
 F - a ring of positive energy (right hand)
 J - a ring of flight
Wands
 t - a wand of flame (21)
 u - a wand of iceblast (4)
 I - a wand of mindburst (10)
 L - a wand of paralysis (16)
Scrolls
 b - 5 scrolls of immolation {unknown}
 c - a scroll of vulnerability {unknown}
 d - 2 scrolls of enchant armour {unknown}
 e - 5 scrolls of torment {unknown}
 h - a scroll of fear {unknown}
 k - a scroll of butterflies {unknown}
 l - a scroll of acquirement {unknown}
 n - a scroll of poison {unknown}
 p - 5 scrolls of identify {unknown}
 x - 6 scrolls of teleportation {unknown}
 y - a scroll of enchant weapon {unknown}
 z - 2 scrolls of noise {unknown}
 E - a scroll of summoning {unknown}
 G - a scroll of amnesia {unknown}
Potions
 a - a potion of magic {unknown}
 g - 5 potions of heal wounds {unknown}
 i - 5 potions of curing
 j - a potion of cancellation {unknown}
 o - 4 potions of might {unknown}
 q - 4 potions of brilliance {unknown}
 s - 2 potions of lignification {unknown}
 A - 2 potions of resistance {unknown}
 B - a potion of attraction {unknown}
 C - a potion of berserk rage {unknown}
 D - 4 potions of flight {unknown}
Miscellaneous
 K - a piece from Xom's chessboard (15/15)


   Skills:
 - Level 3.2 Fighting
 + Level 13.7 Axes
 - Level 2.1 Armour
 - Level 1.5 Dodging


You had 9 spell levels left.
You didn't know any spells.
Your spell library was empty.

Dungeon Overview and Level Annotations

Branches:
Dungeon (9/15)             Temple (0/1) D:6         Ossuary (visited)
   Lair: D:8-11         Orc: D:9-12

Altars:
Ashenzari
Dithmenos
Elyvilon
Hepliaklqana
Ru
Sif Muna
Trog
Vehumet
Yredelemnul
The Shining One


Innate Abilities, Weirdness & Mutations

You are immune to sickness and miasma.
Your stone body is resilient. (AC +7)
You are immune to poison.
You resist negative energy. (rN+)
You are resistant to electric shocks. (rElec)
You are resistant to unholy torment.
You are immune to petrification.


Message History

The orc hits you but does no damage.
The orc priest invokes the aid of Beogh against you.
Beogh smites you! The orc hits you but does no damage.
The orc hits you from afar with a +2 trident of freezing.
The orc freezes you.
* * * LOW HITPOINT WARNING * * *
The orc priest miscasts a cantrip.
The orc hits you but does no damage. The orc closely misses you.
The orc hits you from afar with a +2 trident of freezing.
* * * LOW HITPOINT WARNING * * *
The orc freezes you.
* * * LOW HITPOINT WARNING * * *
The orc barely misses you. The orc priest barely misses you.
The orc hits you but does no damage.
There is a broken door, spattered with blood here.
Things that are here:
a +2 hand axe of venom; a +0 short sword; an orc corpse What are your orders? t - Shout!
Orders for allies: a - Attack new target. r - Retreat! s - Stop attacking. g - Guard the area. f - Follow me.
Anything else - Cancel.
Okay, then.
You feel better. The orc hits you but does no damage.
The orc hits you from afar with a +2 trident of freezing.
* * * LOW HITPOINT WARNING * * *
The orc freezes you.
* * * LOW HITPOINT WARNING * * *
The orc priest mumbles some strange prayers to Beogh against you.
Beogh smites you!
* * * LOW HITPOINT WARNING * * *
The orc hits you but does no damage.
You feel better. The orc closely misses you. The orc priest misses you.
The orc hits you with a +0 trident.
* * * LOW HITPOINT WARNING * * *
The orc hits you but does no damage. x3
The orc priest invokes the aid of Beogh against you.
Beogh smites you!
You die...

######## .. .....>.# .#
.......####### .#
.............####'#####
.......#####.#).._....#
.......# #))).$.....##
.......# ###)oooo...'.
.......# #ooooF...#
..>....# ###@######
.......# #.# ##<#####
#.# #..# #.. ##.# ####
.# +#


You could see a bullfrog, an orc priest and 7 orcs.

Vanquished Creatures
  Erica (D:8)
  Joseph (D:7)
  The ghost of Zyrax the Magician, a novice DjCj (D:4)
  A hornet (D:8)
  3 yaks
  Eustachio (D:5)
  3 water moccasins
  A black bear (D:6)
  An orc warrior (D:7)
  A sky beast (D:8)
  4 centaurs
  A phantom (D:5)
  A bullfrog (D:6)
  4 scorpions
  5 water moccasin zombies (Ossuary)
  A wight (Ossuary)
  2 centaur zombies (Ossuary)
  A bullfrog zombie (Ossuary)
  An orc priest (D:8)
  3 hounds (D:5)
  6 iguanas
  3 orc wizards (D:8)
  A scorpion zombie (Ossuary)
  2 ogre zombies (Ossuary)
  Robin (D:3)
  4 gnolls (D:3)
  5 adders
  A white imp (D:8)
  2 ufetubi
  3 adder zombies (Ossuary)
  A dart slug (D:3)
  38 orcs
  3 ball pythons
  6 bats
  7 endoplasms
  4 giant cockroaches
  2 gnoll zombies (Ossuary)
  18 goblins
  6 hobgoblins
  2 jackals (D:4)
  3 quokkas
  A frilled lizard (D:2)
  5 goblin zombies (Ossuary)
  4 hobgoblin zombies (Ossuary)
  10 kobolds
  4 orc zombies (Ossuary)
  4 rats
183 creatures vanquished.

Vanquished Creatures (others)
  2 plants (D:2)
2 creatures vanquished.

Grand Total: 185 creatures vanquished

Notes
Turn   | Place    | Note
-------+----------+-------------------------------------------
     0 | D:1      | Kel the Gargoyle Berserker began the quest for the Orb.
     0 | D:1      | Reached XP level 1. HP: 14/14 MP: 1/1
    82 | D:1      | Reached skill level 3 in Axes
   263 | D:1      | Reached XP level 2. HP: 17/19 MP: 2/2
  1178 | D:2      | Reached XP level 3. HP: 22/23 MP: 3/3
  1875 | D:3      | Identified the +2 pair of boots of the Vaults {rF+}
  1936 | D:3      | Identified the +1 robe "Ginod" {-Tele rPois Dex+3 Archmagi}
  1988 | D:3      | Reached skill level 4 in Axes
  1990 | D:3      | Reached ** piety under Trog
  2298 | D:3      | Noticed Robin
  2302 | D:3      | Killed Robin
  2303 | D:3      | Reached XP level 4. HP: 19/28 MP: 4/4
  2613 | D:3      | Reached skill level 5 in Axes
  2666 | D:3      | Reached XP level 5. HP: 32/32 MP: 5/5
  3093 | D:4      | Identified the +2 whip of Hard Scrabble {vorpal, Int+4}
  3098 | D:4      | Found a runed translucent door.
  3331 | D:4      | Found a sand-covered staircase.
  3341 | Ossuary  | Entered an ossuary
  3478 | Ossuary  | Reached skill level 6 in Axes
  3478 | Ossuary  | Reached XP level 6. HP: 24/37 MP: 6/6
  3604 | Ossuary  | Reached *** piety under Trog
  3670 | Ossuary  | Reached skill level 7 in Axes
  3670 | Ossuary  | Reached XP level 7. HP: 30/41 MP: 7/7
  3988 | Ossuary  | Reached skill level 8 in Axes
  3988 | Ossuary  | Noticed a silent spectre
  4560 | D:4      | Noticed Zyrax's ghost (novice DjCj)
  4596 | D:4      | Killed Zyrax's ghost
  4597 | D:4      | Reached XP level 8. HP: 33/46 MP: 8/8
  4693 | D:5      | Entered Level 5 of the Dungeon
  4696 | D:5      | Noticed Eustachio
  4709 | D:5      | Killed Eustachio
  4710 | D:5      | Reached skill level 9 in Axes
  4958 | D:5      | Reached skill level 10 in Axes
  5330 | D:5      | Reached XP level 9. HP: 51/51 MP: 9/9
  5883 | D:6      | Found a sacrificial altar of Ru.
  5892 | D:6      | Reached skill level 11 in Axes
  6070 | D:6      | Found a basalt altar of Yredelemnul.
  6113 | D:6      | Found a hazy altar of Hepliaklqana.
  6143 | D:6      | Found a radiant altar of Vehumet.
  6390 | D:6      | Found a shimmering blue altar of Sif Muna.
  6445 | D:6      | Found a staircase to the Ecumenical Temple.
  6584 | D:7      | Noticed Joseph
  6601 | D:7      | Killed Joseph
  6901 | D:7      | Reached skill level 12 in Axes
  7639 | D:8      | Noticed a hornet
  7656 | D:8      | Killed a hornet
  7657 | D:8      | Reached XP level 10. HP: 43/56 MP: 10/10
  7819 | D:8      | Reached skill level 13 in Axes
  7913 | D:8      | Found a white marble altar of Elyvilon.
  7946 | D:8      | Found a glowing golden altar of the Shining One.
  8111 | D:8      | You fall into a shaft and drop 1 floor!
  8126 | D:8      | Reached **** piety under Trog
  8228 | D:8      | Noticed Erica
  8267 | D:8      | HP: 2/56 [something (1)]
  8270 | D:8      | Killed Erica
  8547 | D:8      | Found a bloodstained altar of Trog.
  8547 | D:8      | Found a broken altar of Ashenzari.
  8717 | D:8      | Found a shadowy altar of Dithmenos.
  9290 | D:9      | Killed from afar by an orc priest

Illustrated notes

Levels and vault maps discovered:
D:1:      nzn_arrival_crosshair, layout_rooms
D:2:      layout_basic, serial_bayou_pond_d
D:3:      layout_basic, nicolae_titane, uniq_robin
D:4:      layout_basic, nicolae_ossuary_entry_monument,
          ebering_ghost_reflecting_pool
D:5:      layout_loops_cross, uniq_eustachio
D:6:      layout_cave_pools, marbit_many_paths, vehumet_crystals,
          nicolae_overflow_hidden_temple, minmay_temple_entry_from_below_a,
          grunt_decor_one_mirror, nrook_uturn
D:7:      layout_loops_ring, uniq_joseph
D:8:      layout_basic, kennysheep_mini_moat, nicolae_overflow_crystal_walls,
          mainiacjoe_overflow_alcove_1, gammafunk_temple_overflow_wave,
          hellmonk_bongcloud_opening, uniq_erica
D:9:      layout_roguey [special_room_orc], kennysheep_pointless_box

Skill      XL: |  1  2  3  4  5  6  7  8  9 10 |
---------------+-------------------------------+-----
Axes           | 3 4 5 6 7 8 10 12 13 | 13.7
Fighting       | |  3.2
Armour         | |  2.1
Dodging        | |  1.5

Action                   |  1- 3 |  4- 6 |  7- 9 | 10-12 || total
-------------------------+-------+-------+-------+-------++-------
Melee: Hand axe          |   170 |    43 |       |       ||   213
       Whip              |       |   155 |   350 |       ||   505
       Punch             |       |     1 |     5 |     1 ||     7
       War axe           |       |       |    40 |    19 ||    59
       Battleaxe         |       |       |       |    73 ||    73
Invok: Berserk           |       |     1 |     4 |     2 ||     7
  Use: Potion            |       |       |     1 |     3 ||     4
Armor: Animal skin       |     8 |       |       |       ||     8
       Leather armour    |    74 |    12 |       |       ||    86
       Ring mail         |       |    61 |    50 |       ||   111
       Scale mail        |       |       |    82 |       ||    82
       Chain mail        |       |       |    37 |    73 ||   110
Dodge: Dodged            |   105 |   157 |   328 |    80 ||   670
